 Dungeon Sprint DCSS version 0.22-a0-265-g0d8bc90 (webtiles) character file.

620 Ghella the Imperceptible (level 7, -1/33 HPs)
             Began as a Spriggan Enchanter on Mar 7, 2018.
             Was an Initiate of Dithmenos.
             Shot with an arrow by a centaur warrior (19 damage)
             ... in the Dungeon (Sprint I: "Red Sonja").
             The game lasted 00:01:47 (685 turns).

Ghella the Imperceptible (Spriggan Enchanter)        Turns: 685, Time: 00:01:48

Health: -1/33      AC:  2    Str:  4    XL:     7   Next: 22%
Magic:  10/12      EV: 18    Int: 18    God:    Dithmenos [......]
Gold:   418        SH:  0    Dex: 17    Spells: 8/11 levels left

rFire    . . .     SeeInvis +   a - +1 dagger
rCold    . . .     Gourm    .   (shield restricted)
rNeg     . . .     Faith    .   b - +0 robe
rPois    .         Spirit   .   (helmet restricted)
rElec    .         Reflect  .   (no cloak)
rCorr    .         Harm     .   (gloves unavailable)
MR       +....     NoTele   +   (boots unavailable)
Stlth    ++++++++..             (no amulet)
HPRegen  0.11/turn              (no ring)
MPRegen  0.13/turn              (no ring)

@: very slightly contaminated, very quick
A: very small, unfitting armour, see invisible, herbivore, speed 3, slow
metabolism 2
a: Renounce Religion


You were in the Dungeon.
You worshipped Dithmenos.
Dithmenos was noncommittal.
You were not hungry.

You visited 1 branch You collected 418 gold pieces.

Inventory:

Hand Weapons
 a - a +1 dagger (weapon)
Armour
 b - a +0 robe (worn)
Potions
 e - a potion of curing
 f - a potion of heal wounds
 g - a potion of haste
 h - 2 potions of magic
Comestibles
 d - a ration


   Skills:
 + Level 1.1 Fighting
 - Level 1.1 Short Blades
 - Level 3.0 Dodging
 * Level 21.3 Stealth
 - Level 2.6 Spellcasting
 - Level 3.6 Hexes
 + Level 1.7 Ice Magic


You had 8 spell levels left.
You knew the following spells:

 Your Spells              Type           Power        Failure   Level  Hunger
a - Corona                Hex            ###....      3%          1    #......
b - Ensorcelled Hibernat  Hex/Ice        ##....       9%          2    ##.....


Dungeon Overview and Level Annotations

Branches:
Dungeon (1/1)

Altars:
Cheibriados
Dithmenos
Elyvilon
Fedhas
Gozag
Hepliaklqana
Kikubaaqudgha
Makhleb
Nemelex Xobeh
Okawaru
Qazlal
Ru
Sif Muna
Trog
Uskayaw
Vehumet
Wu Jian
Xom
Yredelemnul
Zin
The Shining One
Jiyva
Lugonu

Shops:
D }


Innate Abilities, Weirdness & Mutations

You are very small and have problems with some larger weapons.
You are too small for most types of armour.
You have supernaturally acute eyesight. (SInv)
You are a herbivore.
You cover ground extremely quickly.
You need to consume almost no food.


Message History

Blink to where?
Press: ? - help, Dir - move target cursor You are very lightly contaminated with residual magic.
As you read the scroll of blinking, it crumbles to dust.
There is an open door here.
Which direction?
You close the door.
A centaur warrior opens the door.
There is an open door here.
You close the door.
A centaur warrior opens the door.
Casting: Ensorcelled Hibernation (safe; 9% risk of failure)
Confirm with . or Enter, or press ? or * to list all spells.
Aiming: Ensorcelled Hibernation (safe; 9% risk of failure)
Press: ? - help, Shift-Dir - straight line, f - centaur warrior
Aim: a centaur warrior (chance to defeat MR: 26%)
The centaur warrior resists with almost no effort.
The centaur warrior wields a longbow.
The centaur warrior shoots an arrow.
The arrow hits you!!
Ouch! That really hurt!
You die...

######################
#<.#..').#..'c.#__#..+
#..').#.)'.@#..'^.'..#
#..#####'#####c#__####
#..####..#...#.####§§#
#..#__####..##(#§≈≈c.#
#..#_____##'#_.§§§≈c§+
#⌠⌠#_.∩...'..._#§§≈§§#
####_..__##_.#'##+####
#_____###+#[# #######
###


You could see a centaur warrior.

Vanquished Creatures
  A slime creature (D)
  A yak (D)
  Sigmund (D)
  An ogre (D)
  A jelly (D)
  Ijyb (D)
6 creatures vanquished.

Vanquished Creatures (others)
  A gargoyle (D)
1 creature vanquished.

Grand Total: 7 creatures vanquished

Notes
Turn   | Place    | Note
-------+----------+-------------------------------------------
     0 | D        | Ghella the Spriggan Enchanter began the quest for the Orb.
     0 | D        | Reached XP level 1. HP: 9/9 MP: 5/5
     2 | D        | Noticed Ijyb
    12 | D        | Killed Ijyb
    12 | D        | Reached skill level 10 in Stealth
    12 | D        | Reached XP level 2. HP: 4/13 MP: 6/6
    87 | D        | Killed a gargoyle
   305 | D        | Noticed an ogre
   308 | D        | Killed an ogre
   308 | D        | Reached skill level 14 in Stealth
   308 | D        | Reached XP level 3. HP: 16/16 MP: 8/8
   308 | D        | Reached XP level 4. HP: 21/21 MP: 9/9
   318 | D        | Noticed Sigmund
   330 | D        | Learned a level 2 spell: Ensorcelled Hibernation
   335 | D        | Killed Sigmund
   335 | D        | Reached skill level 17 in Stealth
   335 | D        | Reached skill level 1 in Ice Magic
   335 | D        | Reached XP level 5. HP: 21/25 MP: 1/10
   483 | D        | Found a burning altar of Makhleb.
   483 | D        | Found a viscous altar of Jiyva.
   483 | D        | Found a shimmering altar of Xom.
   483 | D        | Found a corrupted altar of Lugonu.
   483 | D        | Noticed a slime creature
   486 | D        | Killed a slime creature
   486 | D        | Reached skill level 1 in Fighting
   486 | D        | Reached skill level 20 in Stealth
   486 | D        | Reached XP level 6. HP: 28/30 MP: 11/11
   588 | D        | Found an ornate altar of the Wu Jian Council.
   588 | D        | Found a deep blue altar of Sif Muna.
   590 | D        | Found a radiant altar of Vehumet.
   620 | D        | Found Xyafuow's Gadget Emporium.
   620 | D        | Found an ancient bone altar of Kikubaaqudgha.
   620 | D        | Found a hazy altar of Hepliaklqana.
   620 | D        | Found a stormy altar of Qazlal.
   620 | D        | Found a hide-covered altar of Uskayaw.
   620 | D        | Found a blossoming altar of Fedhas.
   620 | D        | Found a bloodstained altar of Trog.
   620 | D        | Found an iron altar of Okawaru.
   620 | D        | Found a basalt altar of Yredelemnul.
   620 | D        | Found a glowing golden altar of the Shining One.
   620 | D        | Found a snail-covered altar of Cheibriados.
   620 | D        | Found a sacrificial altar of Ru.
   620 | D        | Found a glowing silver altar of Zin.
   620 | D        | Found a shadowy altar of Dithmenos.
   620 | D        | Found a white marble altar of Elyvilon.
   620 | D        | Noticed a yak
   621 | D        | Found an opulent altar of Gozag.
   622 | D        | Killed a yak
   622 | D        | Reached skill level 21 in Stealth
   622 | D        | Reached XP level 7. HP: 33/33 MP: 12/12
   636 | D        | Found a sparkling altar of Nemelex Xobeh.
   660 | D        | Became a worshipper of Dithmenos the Shadowed
   672 | D        | Noticed a centaur warrior
   674 | D        | Noticed a centaur warrior
   685 | D        | Shot with an arrow by a centaur warrior

Vault maps used:
D:        dungeon_sprint_1

Skill      XL: |  1  2  3  4  5  6 |
---------------+-------------------+-----
Stealth        | 10 14 17 20 21 | 21.3
Ice Magic      | 1 |  1.7
Fighting       | 1 |  1.1
Short Blades   | |  1.1
Dodging        | |  3.0
Spellcasting   | |  2.6
Hexes          | |  3.6

Action                   |  1- 3 |  4- 6 |  7- 9 || total
-------------------------+-------+-------+-------++-------
Melee: Dagger            |     9 |     4 |       ||    13
 Cast: Ensorcelled Hiber |       |     2 |     1 ||     3
  Use: Potion            |     1 |       |       ||     1
       Scroll            |       |       |     1 ||     1
 Stab: Sleeping          |     1 |     4 |       ||     5
Armor: Robe              |     1 |       |       ||     1
Dodge: Dodged            |     1 |     5 |       ||     6

Table legend:
 A = Spawn XP
 B = Non-spawn XP
 C = Spawn XP percentage of total XP
 D = Spawn monster count
 E = Non-spawn monster count
 F = Spawn count percentage of total count
 G = Total turns spent on level
                    A         B        C        D         E        F      G
               +---------+---------+-------+---------+---------+-------+---------
         Total |       0 |     887 |   0.0 |       0 |       6 |   0.0 |   685
               +---------+---------+-------+---------+---------+-------+---------
             D |       0 |     887 |   0.0 |       0 |       6 |   0.0 |   685
               +---------+---------+-------+---------+---------+-------+---------
